 Dungeon Crawl Stone Soup version 0.30-a0-782-ge64f9170bb (webtiles) character file.

Game seed: 13353077348668583002

58 Crownlay the Insei (level 4, -1/28 HPs)
             Began as an Octopode Transmuter on Feb 26, 2023.
             Slain by a hobgoblin (5 damage)
             ... on level 2 of the Dungeon.
             The game lasted 00:02:11 (1800 turns).

Crownlay the Insei (Octopode Transmuter)            Turns: 1800, Time: 00:02:12

Health: -1/28      AC:  2    Str:  9    XL:     4   Next: 2%
Magic:  3/7        EV: 19    Int: 17    God:
Gold:   105        SH:  0    Dex: 17    Spells: 1/7 levels left

rFire   . . .      SeeInvis .      - Unarmed
rCold   . . .      Faith    .    (shield currently unavailable)
rNeg    . . .      Spirit   .    (helmet currently unavailable)
rPois   x          Reflect  .    (no amulet)
rElec   .          Harm     .    (no ring)
rCorr   .          Rampage  .    (no ring)
Will    .....                    (no ring)
Stlth   ++                       (no ring)
HPRegen 0.24/turn                (no ring)
MPRegen 0.10/turn                (no ring)
                                 (no ring)
                                 (no ring)

@: spider-form
A: venomous fangs, almost no armour, (amphibious), 8 rings, tiny, (camouflage
1), (gelatinous body 1), (nimble swimmer 1), (tentacles)
a: End Transformation


You were on level 2 of the Dungeon.
You were a venomous arachnid creature.
You visited 1 branch of the dungeon, and saw 2 of its levels.

You collected 105 gold pieces.

Inventory:

Magical Staves
 g - a staff of poison (melded)
Wands
 i - a wand of iceblast (9)
 j - a wand of acid (15)
Scrolls
 b - a scroll of enchant weapon {unknown}
 d - 2 scrolls of amnesia {unknown}
 e - 2 scrolls of identify {unknown}
 f - a scroll of teleportation {unknown}
 h - a scroll of fog {unknown}
 k - a scroll of magic mapping {unknown}
 l - a scroll of enchant armour {unknown}
Potions
 a - 3 potions of lignification
 c - a potion of attraction {unknown}


   Skills:
 - Level 1.0 Fighting
 - Level 2.0 Dodging
 + Level 1.7 Stealth
 + Level 3.3 Unarmed Combat
 - Level 2.0 Spellcasting
 * Level 2.9 Transmutations
 + Level 1.1 Ice Magic
 + Level 1.5 Poison Magic


You had one spell level left.
You knew the following spells:

 Your Spells              Type           Power      Damage    Failure   Level
a - Beastly Appendage     Tmut           22%        N/A       17%         1
b - Wereblood             Tmut           11%        N/A       22%         2
c - Spider Form           Tmut/Pois      9%         N/A       45%         3

Your spell library contained the following spells:

 Spells                   Type           Power      Damage    Failure   Level
 Sting                    Tmut/Pois      36%        1d4       21%         1
 Magic Dart               Conj           4%         1d3       38%         1
 Poisonous Vapours        Pois/Air       8%         N/A       43%         2
 Call Imp                 Summ           1%         N/A       50%         2
 Mephitic Cloud           Conj/Pois/Air  3%         N/A       65%         3
 Ice Form                 Ice/Tmut       8%         N/A       82%         4
 Olgreb's Toxic Radiance  Pois           6%         N/A       87%         4


Dungeon Overview and Level Annotations

Branches:
Dungeon (2/15)

Altars:


Innate Abilities, Weirdness & Mutations

You are a venomous arachnid creature.
You have venomous fangs.
You are tiny and dextrous.
Your spellcasting is less reliable in this form.
Your armour is entirely melded.
You are incapable of wielding weapons or throwing items.
You cannot wear most types of armour.
((You are amphibious.))
You can wear up to eight rings at the same time.
((Your skin changes colour to match your surroundings (Stealth+).))
((Your rubbery body absorbs attacks. (AC +1, EV +1)))
((You are camouflaged when in or above water. (Stealth+)))
((You have tentacles for arms and can constrict up to eight enemies at once.))


Message History

An adder is nearby!
An adder is nearby!
An adder and a hobgoblin come into view.
The hobgoblin shouts!
One of your tentacles grows a vicious spike.
The adder hisses angrily. x2
The adder bites you. x2
You hit the adder. Your grab misses the adder.
You pierce the adder.
The adder is heavily wounded.
The adder closely misses you. The adder completely misses you.
The hobgoblin closely misses you. The adder bites you.
The adder closely misses you. The hobgoblin closely misses you.
You barely miss the adder. Your grab misses the adder.
You pierce the adder, but do no damage.
The adder is heavily wounded.
The adder bites you. x2; The hobgoblin hits you.
Casting: Beastly Appendage (safe; 6% risk of failure)
Confirm with . or Enter, or press ? or * to list all spells.
The spell is extremely dangerous to miscast (24% risk of failure)!
Continue anyway?
You feel a surge of power!
Your tentacle spike disappears.
You turn into a venomous arachnid creature.
Your staff of poison melds into your body.
The adder barely misses you. The adder misses you.
The adder completely misses you. The hobgoblin misses you. The adder bites you.
* * * LOW HITPOINT WARNING * * *
You are too injured to fight recklessly!
You hit the adder.
You kill the adder!
The adder completely misses you. The hobgoblin closely misses you.
You have reached level 4!
You closely miss the adder. The adder closely misses you.
The hobgoblin hits you but does no damage.
You closely miss the adder. The adder bites you.
* * * LOW HITPOINT WARNING * * *
The hobgoblin closely misses you.
You hit the adder.
The adder is heavily wounded.
The adder closely misses you. The hobgoblin hits you.
You die...

.#...#....#########
###.#.....#
.#...#.#..##########
#..........
#.#..#.##..##......#
#.#.##....#
#.#..#..#..##......#
#.#........
#.#..####..##..$...#
#.###..##.#
#.##..##..###......#
#.........#
...#......# #......#
#########.#
...##....## #..†.S.#
###
....##..#####..gs..#
#.#
#.#..####..........#
#.. ####..#
####......### #.#
.#.#..# ...........#
#.# †#.#..#
#####.####.# #.#
.#...## #. #.# #.#
###.## .. #.# #.# #
### ... #.# #.# ...
#.# #.#


You could see an adder and a hobgoblin.

Vanquished Creatures
  An adder (D:2)
  A worm (D:2)
  A dart slug (D:1)
  6 bats
  8 endoplasms
  A giant cockroach (D:1)
  2 goblins
  2 hobgoblins (D:1)
  2 jackals (D:1)
  4 kobolds (D:1)
  A quokka (D:1)
  8 ball pythons
  2 frilled lizards
  4 rats (D:1)
43 creatures vanquished.

Notes
Turn   | Place    | Note
-------+----------+-------------------------------------------
     0 | D:1      | Crownlay the Octopode Transmuter began the quest for the
                  | Orb.
     0 | D:1      | Reached XP level 1. HP: 13/13 MP: 3/3
   169 | D:1      | Reached XP level 2. HP: 15/18 MP: 3/5
   348 | D:1      | Reached skill level 1 in Stealth
   618 | D:1      | Reached skill level 1 in Poison Magic
   710 | D:1      | Reached XP level 3. HP: 23/23 MP: 4/6
   968 | D:1      | Learned a level 2 spell: Wereblood
   972 | D:1      | Learned a level 3 spell: Spider Form
  1326 | D:2      | Reached skill level 1 in Ice Magic
  1798 | D:2      | Reached XP level 4. HP: 7/28 MP: 2/7
  1800 | D:2      | Slain by a hobgoblin

Illustrated notes

Levels and vault maps discovered:
D:1:      nagdon_arrival_double_spiral, layout_loops_corners,
          chequers_serial_rivers_room_a, minmay_heptomino_d4
D:2:      layout_basic, minmay_puff

Skill      XL: |  1  2  3 |
---------------+----------+-----
Stealth        | 1 |  1.7
Poison Magic   | 1 |  1.5
Ice Magic      | 1 |  1.1
Fighting       | |  1.0
Dodging        | |  2.0
Unarmed Combat | |  3.3
Spellcasting   | |  2.0
Transmutations | |  2.9

Action                     |  1- 3 |  4- 6 || total
---------------------------+-------+-------++-------
  Melee: Unarmed           |    54 |     3 ||    57
         Kick              |    27 |       ||    27
         Tentacles         |    16 |       ||    16
         Constrict         |    23 |       ||    23
         Punch             |     3 |       ||     3
         Staff             |    36 |       ||    36
   Cast: Beastly Appendage |    28 |       ||    28
         Spider Form       |     1 |       ||     1
   Stab: Sleeping          |     6 |       ||     6
 Armour: Skin              |    13 |     1 ||    14
  Dodge: Dodged            |    64 |     3 ||    67

Table legend: (Time is in decaauts)
 A = Elapsed time spent in this place.
 B = Non-inter-level travel time spent in this place.
 C = Inter-level travel time spent in this place.
 D = Time resting spent in this place.
 E = Time spent auto-exploring this place.
 F = Levels seen in this place.
 G = Mean time per level.
                   A        B        C        D        E       F      G
               +--------+--------+--------+--------+--------+-----+--------+
         Total |   1803 |   1697 |    106 |      0 |   1344 |   2 |  901.5 |
       Dungeon |   1803 |   1697 |    106 |      0 |   1344 |   2 |  901.5 |
               +--------+--------+--------+--------+--------+-----+--------+

Top non-repeatable levels by time:
     D:1: 1313 daAuts
     D:2: 489 daAuts
